Connexion

Stars vs Thunderbirds

Created - 21 novembre 2023 at 06:08

Goals
1 2 3 T
Stars 3 3 1 7
Thunderbirds 2 2 0 4
Shots
1 2 3 T
Stars 12 16 9 37
Thunderbirds 17 11 12 40

GoalsPenalties
1st period
1. Stars , Macoy Erkamps 5 (Christoph Bertschy 8, Ryan Rupert 10) at 1:28
2. Thunderbirds , Alex Belzile 16 (Alex Peters 13, Michael Chaput 17) at 4:25
3. Thunderbirds , Noel Acciari 12 (C.J. Smith 29) at 7:54
4. Stars , Mathias Norlinder 5 (Ilya Lyubushkin 26, Hudson Elynuik 16) at 10:05 (PP)
5. Stars , Nicholas Caamano 8 (Hudson Elynuik 17, Gabriel Bourque 14) at 19:16 (PP)
Noel Acciari (SPR) for Holding Stick (Minor) at 9:05
Alex Peters (SPR) for Tripping (Minor) at 13:50
Austin Poganski (SPR) for Hooking (Minor) at 18:52
2nd period
6. Stars , Kyle Olson 13 (Ryan Olsen 11) at 2:28 (PP)
7. Stars , Nicolas Beaudin 8 (Matthew Strome 4, Nicholas Caamano 11) at 8:11 (SH)
8. Thunderbirds , Stefan Noesen 14 (Libor Sulak 15, Bobby Nardella 22) at 14:27
9. Stars , Ryan Rupert 5 (Matthew Strome 5, Macoy Erkamps 12) at 19:10
10. Thunderbirds , C.J. Smith 13 (Noel Acciari 20, Stefan Noesen 25) at 19:38
Alex Peters (SPR) for Holding (Minor) at 2:25
Gabriel Bourque (TEX) for Goalie Interference (Minor) at 6:19
Stuart Percy (SPR) for Hooking (Minor) at 19:47
3rd period
11. Stars , Nicholas Caamano 9 (Gabriel Bourque 15, Nicolas Beaudin 21) at 12:43
Hudson Elynuik (TEX) for Hooking (Minor) at 14:00
Kyle Platzer (TEX) for Hooking (Minor) at 16:04
Stuart Percy (SPR) for Holding (Minor) at 19:17
Goalie Stats
Matthew Villalta (TEX), 36 saves from 40 shots - (0,900), W, 11-14-3, 60:00 minutes
Hunter Miska (SPR), 10 saves from 14 shots - (0,714), 22:28 minutes
Andrew D'Agostini (SPR), 20 saves from 23 shots - (0,870), L, 10-12-2, 37:32 minutes
3 StarsOfficial
1 - Nicholas Caamano (TEX)
2 - Ryan Rupert (TEX)
3 - Macoy Erkamps (TEX)
Referees : Jean Hebert and Don Koharski
Linesman : Jay Sharrers and Jean Morin
Game Note
Andrew D'Agostini enters game at 2:28 of 2nd period
Finance
Level 1 -- Attendance: 1430 (71,50%) -- Ticket Income 57 200 $
Level 2 -- Attendance: 996 (99,60%) -- Ticket Income 19 920 $
Total Attendance: 2426 (80,87%)
Total Ticket Income: 77 120 $
Other Income: 15 424 $
Total Income: 92 544 $



Team Name Goals Shots Shots Attemp Shots Blocked PIM HIT PP PK FO%
Stars 7377276243 / 6 (50%)049%
Thunderbirds 440781412250 / 3 (0%)351%

Stars
Player Name POS G A P +/- PIM HIT SHT SB MP PP MP PP SHT PK MP PK SHT FO% FOT
Brad MorrisonC000-100008:300:0000:00040% 10
Christoph BertschyC/LW/RW0112002111:210:0000:58050% 2
Gabriel BourqueLW/RW0221212021:504:1102:2100% 0
Hudson ElynuikC/LW0221233020:064:1100:37048% 21
Ilya LyubushkinD011-1060125:452:3502:4700% 0
Joseph CecconiD0000020020:493:3203:0000% 0
Kyle OlsonC/RW101-3021015:401:5610:0000% 1
Kyle PlatzerC/RW000-120009:040:0000:3500% 0
Liam CoughlinC/LW/RW000-100108:300:0000:0000% 0
Macoy ErkampsD1121012113:440:0000:2800% 0
Mathias NorlinderD101-1022225:272:3512:2900% 0
Matteson IacopelliLW/RW000-3024215:461:5610:0600% 1
Matthew StromeLW0223013012:280:0002:052100% 2
Nicholas CaamanoRW2132036023:054:1113:35044% 9
Nicolas BeaudinD1120004020:593:3213:1010% 0
Patrick McNallyD0001000013:160:0000:0000% 0
Ryan OlsenC011-3013017:171:5601:37054% 24
Ryan RupertC/LW1122004010:230:0000:00053% 19
Thunderbirds
Player Name POS G A P +/- PIM HIT SHT SB MP PP MP PP SHT PK MP PK SHT FO% FOT
Alex BelzileC/RW1010003014:220:0000:00047% 17
Alex PetersD0111441317:510:3401:4500% 0
Austin PoganskiRW0000213014:320:1100:000100% 1
Bobby NardellaD0111012120:201:5412:2300% 0
C.J. SmithLW1122004119:512:3301:4200% 0
Chris WidemanD000-2031223:263:1803:4400% 0
Libor SulakD0111000320:471:5202:3800% 0
Logan O'ConnorRW000-1013122:433:1304:2500% 0
Lucas ElvenesC000000000:110:1100:0000% 0
Michael ChaputC/LW0110031014:220:0000:000100% 1
Noel AcciariC/RW1122254118:082:3300:00057% 21
Nolan VeseyLW/RW000-100003:040:1100:0000% 1
Paul StastnyC000-2017125:363:1314:25051% 37
Ryan LombergLW000-1033020:033:1311:4200% 3
Sergei BoikovD0001010116:491:2000:0000% 0
Stefan NoesenRW1122005018:092:3300:0000% 1
Stelio MattheosC/RW000-100102:530:0000:00057% 7
Stuart PercyD000-2422020:402:5601:4400% 0



Play-by-Play

1st period


0:01 of 1st period - Paul Stastny wins face-off versus Hudson Elynuik in neutral zone.
0:11 of 1st period - Gabriel Bourque is hit by Chris Wideman and loses puck.
0:26 of 1st period - Shot by Hudson Elynuik.
0:26 of 1st period - Shot Misses the Net.
0:36 of 1st period - Shot by Nicholas Caamano.
0:36 of 1st period - Deflect By Gabriel Bourque.
0:36 of 1st period - Stopped by Hunter Miska without a rebound.
0:37 of 1st period - Ryan Olsen wins face-off versus Noel Acciari in Thunderbirds zone.
1:02 of 1st period - Shot by C.J. Smith.
1:02 of 1st period - Stopped by Matthew Villalta without a rebound.
1:03 of 1st period - Alex Belzile wins face-off versus Ryan Rupert in Stars zone.
1:26 of 1st period - Shot by Christoph Bertschy.
1:26 of 1st period - Shot Misses the Net.
1:28 of 1st period - Shot by Macoy Erkamps.
1:28 of 1st period - Goal by Macoy Erkamps - Stars : 1 - Thunderbirds : 0.
1:29 of 1st period - Stelio Mattheos wins face-off versus Brad Morrison in neutral zone.
1:32 of 1st period - Kyle Platzer is hit by Paul Stastny and loses puck.
1:37 of 1st period - Shot by Paul Stastny.
1:37 of 1st period - Shot Misses the Net.
1:43 of 1st period - Shot by Stelio Mattheos.
1:43 of 1st period - Shot Misses the Net.
1:45 of 1st period - Shot by Paul Stastny.
1:45 of 1st period - Stopped by Matthew Villalta without a rebound.
1:46 of 1st period - Noel Acciari wins face-off versus Ryan Olsen in Stars zone.
2:02 of 1st period - Off-side.
2:03 of 1st period - Paul Stastny wins face-off versus Hudson Elynuik in neutral zone.
2:29 of 1st period - Shot by Gabriel Bourque.
2:29 of 1st period - Stopped by Hunter Miska without a rebound.
2:30 of 1st period - Alex Belzile wins face-off versus Ryan Rupert in Thunderbirds zone.
2:30 of 1st period - Austin Poganski is hit by Matthew Strome and loses puck.
2:38 of 1st period - Icing by Alex Peters.
2:39 of 1st period - Ryan Olsen wins face-off versus Alex Belzile in Thunderbirds zone.
2:40 of 1st period - Shot by Nicolas Beaudin.
2:40 of 1st period - Shot Blocked by Alex Peters.
2:42 of 1st period - Shot by Nicolas Beaudin.
2:42 of 1st period - Stopped by Hunter Miska without a rebound.
2:43 of 1st period - Noel Acciari wins face-off versus Ryan Olsen in Thunderbirds zone.
2:43 of 1st period - Noel Acciari is hit by Kyle Olson.
2:51 of 1st period - Shot by Noel Acciari.
2:51 of 1st period - Stopped by Matthew Villalta without a rebound.
2:52 of 1st period - Hudson Elynuik wins face-off versus Paul Stastny in Stars zone.
3:43 of 1st period - Icing by Nicholas Caamano.
3:44 of 1st period - Noel Acciari wins face-off versus Hudson Elynuik in Stars zone.
3:44 of 1st period - Bobby Nardella is hit by Ilya Lyubushkin and loses puck.
3:47 of 1st period - Shot by Stefan Noesen.
3:47 of 1st period - Stopped by Matthew Villalta with a rebound.
4:07 of 1st period - Shot by C.J. Smith.
4:07 of 1st period - Stopped by Matthew Villalta without a rebound.
4:08 of 1st period - Ryan Olsen wins face-off versus Alex Belzile in Stars zone.
4:21 of 1st period - Shot by Alex Belzile.
4:21 of 1st period - Shot Misses the Net.
4:23 of 1st period - Shot by Alex Peters.
4:23 of 1st period - Shot Misses the Net.
4:25 of 1st period - Shot by Alex Belzile.
4:25 of 1st period - The goal is going for a video replay.
4:25 of 1st period - The goal is good.
4:25 of 1st period - Goal by Alex Belzile - Stars : 1 - Thunderbirds : 1.
4:26 of 1st period - Stelio Mattheos wins face-off versus Ryan Rupert in neutral zone.
4:33 of 1st period - Shot by Paul Stastny.
4:33 of 1st period - Shot Misses the Net.
4:45 of 1st period - Shot by Ryan Rupert.
4:45 of 1st period - Deflect By Matthew Strome.
4:45 of 1st period - Shot Blocked by Paul Stastny.
4:59 of 1st period - Shot by Stelio Mattheos.
4:59 of 1st period - Stopped by Matthew Villalta without a rebound.
5:00 of 1st period - Ryan Olsen wins face-off versus Noel Acciari in Stars zone.
5:00 of 1st period - Ryan Olsen is hit by Noel Acciari.
5:22 of 1st period - Stuart Percy is hit by Joseph Cecconi and loses puck.
5:36 of 1st period - Shot by C.J. Smith.
5:36 of 1st period - Shot Misses the Net.
5:38 of 1st period - Shot by Stuart Percy.
5:38 of 1st period - Stopped by Matthew Villalta without a rebound.
5:39 of 1st period - Paul Stastny wins face-off versus Brad Morrison in Stars zone.
5:54 of 1st period - Shot by Mathias Norlinder.
5:54 of 1st period - Shot Blocked by Logan O'Connor.
6:03 of 1st period - Icing by Ilya Lyubushkin.
6:04 of 1st period - Alex Belzile wins face-off versus Brad Morrison in Stars zone.
6:05 of 1st period - Shot by Libor Sulak.
6:05 of 1st period - Shot Blocked by Ilya Lyubushkin.
6:23 of 1st period - Ilya Lyubushkin is hit by Michael Chaput and loses puck.
7:04 of 1st period - Shot by Gabriel Bourque.
7:04 of 1st period - Shot Misses the Net.
7:21 of 1st period - Shot by Paul Stastny.
7:21 of 1st period - Stopped by Matthew Villalta without a rebound.
7:22 of 1st period - Noel Acciari wins face-off versus Ryan Olsen in Stars zone.
7:22 of 1st period - Noel Acciari is hit by Joseph Cecconi.
7:34 of 1st period - Shot by Stefan Noesen.
7:34 of 1st period - Stopped by Matthew Villalta with a rebound.
7:36 of 1st period - Shot by Sergei Boikov.
7:36 of 1st period - Shot Misses the Net.
7:38 of 1st period - Shot by C.J. Smith.
7:38 of 1st period - Shot Misses the Net.
7:50 of 1st period - Shot by C.J. Smith.
7:50 of 1st period - Shot Misses the Net.
7:52 of 1st period - Shot by C.J. Smith.
7:52 of 1st period - Shot Misses the Net.
7:54 of 1st period - Shot by Noel Acciari.
7:54 of 1st period - Goal by Noel Acciari - Stars : 1 - Thunderbirds : 2.
7:55 of 1st period - Paul Stastny wins face-off versus Ryan Rupert in neutral zone.
8:00 of 1st period - Shot by Paul Stastny.
8:00 of 1st period - Stopped by Matthew Villalta without a rebound.
8:01 of 1st period - Ryan Rupert wins face-off versus Paul Stastny in Stars zone.
8:01 of 1st period - Ryan Rupert is hit by Ryan Lomberg.
8:07 of 1st period - Shot by Christoph Bertschy.
8:07 of 1st period - Shot Misses the Net.
8:09 of 1st period - Shot by Christoph Bertschy.
8:09 of 1st period - Stopped by Hunter Miska without a rebound.
8:10 of 1st period - Paul Stastny wins face-off versus Hudson Elynuik in Thunderbirds zone.
8:21 of 1st period - Shot by Stuart Percy.
8:21 of 1st period - Stopped by Matthew Villalta with a rebound.
8:49 of 1st period - Shot by Paul Stastny.
8:49 of 1st period - Shot Misses the Net.
9:05 of 1st period - Minor Penalty to Noel Acciari for Holding Stick.
9:06 of 1st period - Ryan Olsen wins face-off versus Paul Stastny in Thunderbirds zone.
9:27 of 1st period - Shot by Nicolas Beaudin.
9:27 of 1st period - Shot Misses the Net.
9:29 of 1st period - Shot by Matteson Iacopelli.
9:29 of 1st period - Shot Blocked by Bobby Nardella.
9:31 of 1st period - Shot by Matteson Iacopelli.
9:31 of 1st period - Shot Blocked by Libor Sulak.
9:33 of 1st period - Shot by Joseph Cecconi.
9:33 of 1st period - Shot Misses the Net.
9:35 of 1st period - Shot by Matteson Iacopelli.
9:35 of 1st period - Stopped by Hunter Miska with a rebound.
9:37 of 1st period - Shot by Nicolas Beaudin.
9:37 of 1st period - Shot Misses the Net.
10:05 of 1st period - Shot by Mathias Norlinder.
10:05 of 1st period - Goal by Mathias Norlinder - Stars : 2 - Thunderbirds : 2.
10:06 of 1st period - Alex Belzile wins face-off versus Ryan Rupert in neutral zone.
11:15 of 1st period - Kyle Platzer is hit by Alex Peters and loses puck.
12:07 of 1st period - Stefan Noesen is hit by Ilya Lyubushkin and loses puck.
12:15 of 1st period - Icing by Kyle Olson.
12:16 of 1st period - Paul Stastny wins face-off versus Ryan Olsen in Stars zone.
12:16 of 1st period - Libor Sulak is hit by Ilya Lyubushkin and loses puck.
12:20 of 1st period - Icing by Mathias Norlinder.
12:21 of 1st period - Paul Stastny wins face-off versus Ryan Olsen in Stars zone.
12:29 of 1st period - Logan O'Connor is hit by Ilya Lyubushkin and loses puck.
12:36 of 1st period - Shot by Ryan Lomberg.
12:36 of 1st period - Shot Misses the Net.
12:38 of 1st period - Shot by Ryan Lomberg.
12:38 of 1st period - Shot Misses the Net.
12:42 of 1st period - Shot by Paul Stastny.
12:42 of 1st period - Shot Misses the Net.
12:44 of 1st period - Shot by Ryan Lomberg.
12:44 of 1st period - Stopped by Matthew Villalta with a rebound.
12:46 of 1st period - Shot by Logan O'Connor.
12:46 of 1st period - Deflect By Paul Stastny.
12:46 of 1st period - Shot Blocked by Matteson Iacopelli.
12:54 of 1st period - Shot by Paul Stastny.
12:54 of 1st period - Shot Misses the Net.
12:58 of 1st period - Shot by Logan O'Connor.
12:58 of 1st period - Stopped by Matthew Villalta with a rebound.
13:12 of 1st period - Noel Acciari is hit by Matteson Iacopelli and loses puck.
13:20 of 1st period - Chris Wideman is hit by Kyle Olson and loses puck.
13:25 of 1st period - Shot by Stefan Noesen.
13:25 of 1st period - Shot Misses the Net.
13:27 of 1st period - Shot by Noel Acciari.
13:27 of 1st period - Stopped by Matthew Villalta without a rebound.
13:28 of 1st period - Alex Belzile wins face-off versus Hudson Elynuik in Stars zone.
13:41 of 1st period - Shot by Nicholas Caamano.
13:41 of 1st period - Shot Misses the Net.
13:44 of 1st period - Icing by Alex Peters.
13:45 of 1st period - Ryan Rupert wins face-off versus Alex Belzile in Thunderbirds zone.
13:48 of 1st period - Shot by Macoy Erkamps.
13:48 of 1st period - Stopped by Hunter Miska with a rebound.
13:50 of 1st period - Shot by Ryan Rupert.
13:50 of 1st period - Stopped by Hunter Miska without a rebound.
13:50 of 1st period - Minor Penalty to Alex Peters for Tripping.
13:51 of 1st period - Hudson Elynuik wins face-off versus Paul Stastny in Thunderbirds zone.
15:01 of 1st period - Stuart Percy is hit by Nicholas Caamano and loses puck.
15:49 of 1st period - Shot by Matteson Iacopelli.
15:49 of 1st period - Shot Blocked by Chris Wideman.
16:00 of 1st period - Christoph Bertschy is hit by Alex Peters and loses puck.
16:09 of 1st period - Macoy Erkamps is hit by Michael Chaput and loses puck.
16:19 of 1st period - Icing by Macoy Erkamps.
16:20 of 1st period - Ryan Rupert wins face-off versus Noel Acciari in Stars zone.
16:47 of 1st period - Ryan Rupert is hit by Noel Acciari.
17:23 of 1st period - Shot by Mathias Norlinder.
17:23 of 1st period - Shot Blocked by Noel Acciari.
17:25 of 1st period - Shot by Mathias Norlinder.
17:25 of 1st period - Stopped by Hunter Miska with a rebound.
17:27 of 1st period - Shot by Ryan Olsen.
17:27 of 1st period - Stopped by Hunter Miska without a rebound.
17:28 of 1st period - Paul Stastny wins face-off versus Brad Morrison in Thunderbirds zone.
18:33 of 1st period - Shot by Austin Poganski.
18:33 of 1st period - Stopped by Matthew Villalta with a rebound.
18:52 of 1st period - Minor Penalty to Austin Poganski for Hooking.
18:53 of 1st period - Nicholas Caamano wins face-off versus Paul Stastny in Thunderbirds zone.
19:16 of 1st period - Shot by Nicholas Caamano.
19:16 of 1st period - Goal by Nicholas Caamano - Stars : 3 - Thunderbirds : 2.
19:17 of 1st period - Ryan Rupert wins face-off versus Noel Acciari in neutral zone.
19:25 of 1st period - Ryan Rupert is hit by Sergei Boikov and loses puck.
Goals for this period are 3 for Stars vs 2 for Thunderbirds.
Shots for this period are 12 for Stars vs 17 for Thunderbirds.

2nd period


0:01 of 2nd period - Paul Stastny wins face-off versus Hudson Elynuik in neutral zone.
0:01 of 2nd period - Chris Wideman is hit by Hudson Elynuik and loses puck.
0:24 of 2nd period - Shot by Hudson Elynuik.
0:24 of 2nd period - Stopped by Hunter Miska without a rebound.
0:25 of 2nd period - Noel Acciari wins face-off versus Ryan Olsen in Thunderbirds zone.
1:16 of 2nd period - Icing by Bobby Nardella.
1:17 of 2nd period - Hudson Elynuik wins face-off versus Stefan Noesen in Thunderbirds zone.
1:44 of 2nd period - Shot by Nicholas Caamano.
1:44 of 2nd period - Shot Misses the Net.
1:55 of 2nd period - Off-side.
1:56 of 2nd period - Alex Belzile wins face-off versus Ryan Rupert in neutral zone.
2:25 of 2nd period - Minor Penalty to Alex Peters for Holding.
2:26 of 2nd period - Ryan Olsen wins face-off versus Paul Stastny in Thunderbirds zone.
2:26 of 2nd period - Ryan Olsen is hit by Stuart Percy.
2:28 of 2nd period - Shot by Kyle Olson.
2:28 of 2nd period - Goal by Kyle Olson - Stars : 4 - Thunderbirds : 2.
2:28 of 2nd period - Andrew D'Agostini enters game.
2:29 of 2nd period - Paul Stastny wins face-off versus Hudson Elynuik in neutral zone.
2:36 of 2nd period - Shot by Logan O'Connor.
2:36 of 2nd period - Deflect By Paul Stastny.
2:36 of 2nd period - Shot Misses the Net.
2:38 of 2nd period - Shot by Logan O'Connor.
2:38 of 2nd period - Shot Misses the Net.
2:40 of 2nd period - Shot by Paul Stastny.
2:40 of 2nd period - Shot Misses the Net.
2:42 of 2nd period - Shot by Chris Wideman.
2:42 of 2nd period - Stopped by Matthew Villalta with a rebound.
2:48 of 2nd period - Shot by Ryan Lomberg.
2:48 of 2nd period - Deflect By Paul Stastny.
2:48 of 2nd period - Shot Misses the Net.
2:56 of 2nd period - Shot by Paul Stastny.
2:56 of 2nd period - Stopped by Matthew Villalta without a rebound.
2:57 of 2nd period - Ryan Olsen wins face-off versus Noel Acciari in Stars zone.
2:57 of 2nd period - Ryan Olsen is hit by Noel Acciari.
3:15 of 2nd period - Shot by Matteson Iacopelli.
3:15 of 2nd period - Stopped by Andrew D'Agostini without a rebound.
3:16 of 2nd period - Ryan Rupert wins face-off versus Nolan Vesey in Thunderbirds zone.
3:16 of 2nd period - Christoph Bertschy is hit by Alex Peters and loses puck.
3:28 of 2nd period - Nolan Vesey is hit by Mathias Norlinder and loses puck.
3:42 of 2nd period - Icing by Matthew Strome.
3:43 of 2nd period - Ryan Rupert wins face-off versus Noel Acciari in Stars zone.
4:01 of 2nd period - Shot by Ryan Rupert.
4:01 of 2nd period - Deflect By Matthew Strome.
4:01 of 2nd period - Stopped by Andrew D'Agostini without a rebound.
4:02 of 2nd period - Paul Stastny wins face-off versus Hudson Elynuik in Thunderbirds zone.
4:02 of 2nd period - Paul Stastny is hit by Hudson Elynuik.
4:10 of 2nd period - Logan O'Connor is hit by Nicholas Caamano and loses puck.
4:27 of 2nd period - Shot by Nicholas Caamano.
4:27 of 2nd period - Stopped by Andrew D'Agostini with a rebound.
4:29 of 2nd period - Shot by Hudson Elynuik.
4:29 of 2nd period - Shot Hit the Post.
4:31 of 2nd period - Shot by Nicholas Caamano.
4:31 of 2nd period - Stopped by Andrew D'Agostini with a rebound.
4:33 of 2nd period - Shot by Nicolas Beaudin.
4:33 of 2nd period - Shot Misses the Net.
4:35 of 2nd period - Shot by Nicolas Beaudin.
4:35 of 2nd period - Stopped by Andrew D'Agostini without a rebound.
4:36 of 2nd period - Noel Acciari wins face-off versus Matteson Iacopelli in Thunderbirds zone.
4:58 of 2nd period - Shot by Ryan Olsen.
4:58 of 2nd period - Stopped by Andrew D'Agostini without a rebound.
4:59 of 2nd period - Austin Poganski wins face-off versus Brad Morrison in Thunderbirds zone.
6:19 of 2nd period - Minor Penalty to Gabriel Bourque for Goalie Interference.
6:20 of 2nd period - Noel Acciari wins face-off versus Nicholas Caamano in Stars zone.
6:49 of 2nd period - Shot by Bobby Nardella.
6:49 of 2nd period - Stopped by Matthew Villalta without a rebound.
6:50 of 2nd period - Paul Stastny wins face-off versus Christoph Bertschy in Stars zone.
7:05 of 2nd period - Shot by Paul Stastny.
7:05 of 2nd period - Stopped by Matthew Villalta without a rebound.
7:06 of 2nd period - Paul Stastny wins face-off versus Nicholas Caamano in Stars zone.
7:21 of 2nd period - Shot by Ryan Lomberg.
7:21 of 2nd period - Shot Blocked by Christoph Bertschy.
7:46 of 2nd period - Icing by Stuart Percy.
7:47 of 2nd period - Matthew Strome wins face-off versus Paul Stastny in Thunderbirds zone.
8:01 of 2nd period - Icing by Stuart Percy.
8:02 of 2nd period - Nicholas Caamano wins face-off versus Paul Stastny in Thunderbirds zone.
8:07 of 2nd period - Shot by Nicholas Caamano.
8:07 of 2nd period - Deflect By Matthew Strome.
8:07 of 2nd period - Shot Misses the Net.
8:09 of 2nd period - Shot by Nicholas Caamano.
8:09 of 2nd period - Deflect By Matthew Strome.
8:09 of 2nd period - Stopped by Andrew D'Agostini with a rebound.
8:11 of 2nd period - Shot by Nicolas Beaudin.
8:11 of 2nd period - Goal by Nicolas Beaudin - Stars : 5 - Thunderbirds : 2.
8:12 of 2nd period - Noel Acciari wins face-off versus Nicholas Caamano in neutral zone.
8:19 of 2nd period - Shot by Stefan Noesen.
8:19 of 2nd period - Shot Misses the Net.
8:29 of 2nd period - Shot by Alex Belzile.
8:29 of 2nd period - Shot Misses the Net.
8:31 of 2nd period - Shot by Alex Belzile.
8:31 of 2nd period - Stopped by Matthew Villalta with a rebound.
8:33 of 2nd period - Shot by Alex Peters.
8:33 of 2nd period - Shot Blocked by Macoy Erkamps.
8:35 of 2nd period - Shot by Alex Peters.
8:35 of 2nd period - Stopped by Matthew Villalta with a rebound.
8:38 of 2nd period - Austin Poganski is hit by Macoy Erkamps and loses puck.
8:55 of 2nd period - Shot by Austin Poganski.
8:55 of 2nd period - Stopped by Matthew Villalta with a rebound.
9:21 of 2nd period - Noel Acciari is hit by Ilya Lyubushkin and loses puck.
9:27 of 2nd period - Mathias Norlinder is hit by Bobby Nardella and loses puck.
10:03 of 2nd period - Joseph Cecconi is hit by Noel Acciari and loses puck.
10:07 of 2nd period - Icing by Joseph Cecconi.
10:08 of 2nd period - Hudson Elynuik wins face-off versus Paul Stastny in Stars zone.
11:07 of 2nd period - Shot by Matthew Strome.
11:07 of 2nd period - Deflect By Ryan Rupert.
11:07 of 2nd period - Stopped by Andrew D'Agostini without a rebound.
11:08 of 2nd period - Ryan Olsen wins face-off versus Alex Belzile in Thunderbirds zone.
11:17 of 2nd period - Shot by Ryan Olsen.
11:17 of 2nd period - Shot Blocked by Sergei Boikov.
11:32 of 2nd period - Icing by Michael Chaput.
11:33 of 2nd period - Matthew Strome wins face-off versus Alex Belzile in Thunderbirds zone.
13:00 of 2nd period - Nicholas Caamano is hit by Stuart Percy.
13:18 of 2nd period - Shot by Paul Stastny.
13:18 of 2nd period - Shot Misses the Net.
13:20 of 2nd period - Shot by Logan O'Connor.
13:20 of 2nd period - Stopped by Matthew Villalta without a rebound.
13:21 of 2nd period - Brad Morrison wins face-off versus Alex Belzile in Stars zone.
14:27 of 2nd period - Shot by Stefan Noesen.
14:27 of 2nd period - Goal by Stefan Noesen - Stars : 5 - Thunderbirds : 3.
14:28 of 2nd period - Nicholas Caamano wins face-off versus Paul Stastny in neutral zone.
14:59 of 2nd period - Shot by Logan O'Connor.
14:59 of 2nd period - Shot Misses the Net.
15:51 of 2nd period - Shot by Stefan Noesen.
15:51 of 2nd period - Stopped by Matthew Villalta without a rebound.
15:52 of 2nd period - Michael Chaput wins face-off versus Ryan Olsen in Stars zone.
16:13 of 2nd period - Shot by Kyle Olson.
16:13 of 2nd period - Shot Misses the Net.
16:15 of 2nd period - Shot by Ryan Olsen.
16:15 of 2nd period - Stopped by Andrew D'Agostini with a rebound.
16:23 of 2nd period - Shot by Matteson Iacopelli.
16:23 of 2nd period - Stopped by Andrew D'Agostini with a rebound.
16:47 of 2nd period - Shot by Christoph Bertschy.
16:47 of 2nd period - Stopped by Andrew D'Agostini with a rebound.
17:46 of 2nd period - Shot by Kyle Platzer.
17:46 of 2nd period - Shot Misses the Net.
17:53 of 2nd period - Icing by Chris Wideman.
17:54 of 2nd period - Paul Stastny wins face-off versus Ryan Olsen in Thunderbirds zone.
18:57 of 2nd period - Shot by Gabriel Bourque.
18:57 of 2nd period - Shot Blocked by C.J. Smith.
18:59 of 2nd period - Shot by Hudson Elynuik.
18:59 of 2nd period - Stopped by Andrew D'Agostini without a rebound.
19:00 of 2nd period - Ryan Rupert wins face-off versus Stelio Mattheos in Thunderbirds zone.
19:08 of 2nd period - Shot by Matthew Strome.
19:08 of 2nd period - Shot Misses the Net.
19:10 of 2nd period - Shot by Ryan Rupert.
19:10 of 2nd period - Goal by Ryan Rupert - Stars : 6 - Thunderbirds : 3.
19:11 of 2nd period - Noel Acciari wins face-off versus Brad Morrison in neutral zone.
19:36 of 2nd period - Shot by Noel Acciari.
19:36 of 2nd period - Deflect By Stefan Noesen.
19:36 of 2nd period - Shot Blocked by Mathias Norlinder.
19:38 of 2nd period - Shot by Noel Acciari.
19:38 of 2nd period - Deflect By C.J. Smith.
19:38 of 2nd period - Goal by C.J. Smith - Stars : 6 - Thunderbirds : 4.
19:39 of 2nd period - Hudson Elynuik wins face-off versus Paul Stastny in neutral zone.
19:47 of 2nd period - Minor Penalty to Stuart Percy for Hooking.
19:48 of 2nd period - Paul Stastny wins face-off versus Hudson Elynuik in Thunderbirds zone.
Goals for this period are 3 for Stars vs 2 for Thunderbirds.
Shots for this period are 16 for Stars vs 11 for Thunderbirds.

3rd period


0:01 of 3rd period - Hudson Elynuik wins face-off versus Paul Stastny in neutral zone.
0:37 of 3rd period - Nicholas Caamano is hit by Chris Wideman.
0:56 of 3rd period - Off-side.
0:57 of 3rd period - Ryan Olsen wins face-off versus Ryan Lomberg in neutral zone.
1:38 of 3rd period - Icing by Nicolas Beaudin.
1:39 of 3rd period - Ryan Olsen wins face-off versus Ryan Lomberg in Stars zone.
1:44 of 3rd period - Shot by Nicolas Beaudin.
1:44 of 3rd period - Stopped by Andrew D'Agostini without a rebound.
1:45 of 3rd period - Hudson Elynuik wins face-off versus Ryan Lomberg in Thunderbirds zone.
2:02 of 3rd period - Shot by Matthew Strome.
2:02 of 3rd period - Deflect By Christoph Bertschy.
2:02 of 3rd period - Shot Blocked by Libor Sulak.
2:04 of 3rd period - Shot by Matthew Strome.
2:04 of 3rd period - Deflect By Ryan Rupert.
2:04 of 3rd period - Stopped by Andrew D'Agostini without a rebound.
2:05 of 3rd period - Hudson Elynuik wins face-off versus Noel Acciari in Thunderbirds zone.
2:12 of 3rd period - Shot by Nicholas Caamano.
2:12 of 3rd period - Stopped by Andrew D'Agostini without a rebound.
2:13 of 3rd period - Hudson Elynuik wins face-off versus Paul Stastny in Thunderbirds zone.
2:36 of 3rd period - Shot by Paul Stastny.
2:36 of 3rd period - Shot Blocked by Mathias Norlinder.
3:24 of 3rd period - Icing by Stuart Percy.
3:25 of 3rd period - Ryan Rupert wins face-off versus Paul Stastny in Thunderbirds zone.
4:46 of 3rd period - Shot by Nicolas Beaudin.
4:46 of 3rd period - Shot Misses the Net.
4:55 of 3rd period - Bobby Nardella is hit by Gabriel Bourque and loses puck.
5:09 of 3rd period - Mathias Norlinder is hit by Alex Peters.
5:48 of 3rd period - Alex Peters is hit by Mathias Norlinder and loses puck.
6:02 of 3rd period - Icing by Ilya Lyubushkin.
6:03 of 3rd period - Stelio Mattheos wins face-off versus Hudson Elynuik in Stars zone.
6:03 of 3rd period - Stelio Mattheos is hit by Ilya Lyubushkin.
6:05 of 3rd period - Shot by Paul Stastny.
6:05 of 3rd period - Stopped by Matthew Villalta without a rebound.
6:06 of 3rd period - Stelio Mattheos wins face-off versus Kyle Olson in Stars zone.
6:15 of 3rd period - Shot by Paul Stastny.
6:15 of 3rd period - Shot Misses the Net.
6:24 of 3rd period - Off-side.
6:25 of 3rd period - Noel Acciari wins face-off versus Ryan Rupert in neutral zone.
7:20 of 3rd period - Shot by Ryan Olsen.
7:20 of 3rd period - Shot Misses the Net.
7:22 of 3rd period - Shot by Matteson Iacopelli.
7:22 of 3rd period - Stopped by Andrew D'Agostini without a rebound.
7:23 of 3rd period - Brad Morrison wins face-off versus Paul Stastny in Thunderbirds zone.
7:33 of 3rd period - Brad Morrison is hit by Chris Wideman.
7:37 of 3rd period - Shot by Liam Coughlin.
7:37 of 3rd period - Stopped by Andrew D'Agostini without a rebound.
7:38 of 3rd period - Hudson Elynuik wins face-off versus Alex Belzile in Thunderbirds zone.
7:55 of 3rd period - Shot by Bobby Nardella.
7:55 of 3rd period - Stopped by Matthew Villalta with a rebound.
8:01 of 3rd period - Shot by Joseph Cecconi.
8:01 of 3rd period - Shot Blocked by Libor Sulak.
8:14 of 3rd period - Shot by Gabriel Bourque.
8:14 of 3rd period - Deflect By Hudson Elynuik.
8:14 of 3rd period - Stopped by Andrew D'Agostini without a rebound.
8:15 of 3rd period - Paul Stastny wins face-off versus Ryan Olsen in Thunderbirds zone.
8:20 of 3rd period - Mathias Norlinder is hit by Ryan Lomberg and loses puck.
8:25 of 3rd period - Shot by Paul Stastny.
8:25 of 3rd period - Shot Blocked by Matteson Iacopelli.
8:27 of 3rd period - Shot by Chris Wideman.
8:27 of 3rd period - Shot Misses the Net.
8:29 of 3rd period - Shot by Ryan Lomberg.
8:29 of 3rd period - Shot Misses the Net.
8:31 of 3rd period - Shot by Logan O'Connor.
8:31 of 3rd period - Stopped by Matthew Villalta without a rebound.
8:32 of 3rd period - Noel Acciari wins face-off versus Ryan Rupert in Stars zone.
8:37 of 3rd period - Shot by Noel Acciari.
8:37 of 3rd period - Shot Misses the Net.
8:39 of 3rd period - Shot by C.J. Smith.
8:39 of 3rd period - Stopped by Matthew Villalta without a rebound.
8:40 of 3rd period - Ryan Olsen wins face-off versus Paul Stastny in Stars zone.
8:40 of 3rd period - Ryan Olsen is hit by Logan O'Connor.
8:46 of 3rd period - Logan O'Connor is hit by Matteson Iacopelli.
9:41 of 3rd period - Logan O'Connor is hit by Nicholas Caamano and loses puck.
10:10 of 3rd period - Hudson Elynuik is hit by Ryan Lomberg and loses puck.
10:39 of 3rd period - Shot by Stefan Noesen.
10:39 of 3rd period - Stopped by Matthew Villalta without a rebound.
10:40 of 3rd period - Brad Morrison wins face-off versus Alex Belzile in Stars zone.
10:40 of 3rd period - Brad Morrison is hit by Austin Poganski.
11:14 of 3rd period - Shot by Brad Morrison.
11:14 of 3rd period - Shot Blocked by Alex Peters.
12:12 of 3rd period - C.J. Smith is hit by Hudson Elynuik and loses puck.
12:39 of 3rd period - Shot by Gabriel Bourque.
12:39 of 3rd period - Shot Misses the Net.
12:41 of 3rd period - Shot by Nicholas Caamano.
12:41 of 3rd period - Stopped by Andrew D'Agostini with a rebound.
12:43 of 3rd period - Shot by Nicholas Caamano.
12:43 of 3rd period - Goal by Nicholas Caamano - Stars : 7 - Thunderbirds : 4.
12:44 of 3rd period - Ryan Rupert wins face-off versus Stelio Mattheos in neutral zone.
12:56 of 3rd period - Shot by Paul Stastny.
12:56 of 3rd period - Stopped by Matthew Villalta without a rebound.
12:57 of 3rd period - Brad Morrison wins face-off versus Stelio Mattheos in Stars zone.
14:00 of 3rd period - Minor Penalty to Hudson Elynuik for Hooking.
14:01 of 3rd period - Noel Acciari wins face-off versus Nicholas Caamano in Stars zone.
14:04 of 3rd period - Shot by C.J. Smith.
14:04 of 3rd period - Shot Misses the Net.
15:37 of 3rd period - Shot by Ryan Olsen.
15:37 of 3rd period - Shot Misses the Net.
15:39 of 3rd period - Shot by Matthew Strome.
15:39 of 3rd period - Stopped by Andrew D'Agostini with a rebound.
16:04 of 3rd period - Minor Penalty to Kyle Platzer for Hooking.
16:05 of 3rd period - Paul Stastny wins face-off versus Nicholas Caamano in Stars zone.
16:10 of 3rd period - Shot by Ryan Lomberg.
16:10 of 3rd period - Stopped by Matthew Villalta without a rebound.
16:11 of 3rd period - Nicholas Caamano wins face-off versus Paul Stastny in Stars zone.
18:02 of 3rd period - Shot by Austin Poganski.
18:02 of 3rd period - Deflect By Lucas Elvenes.
18:02 of 3rd period - Shot Misses the Net.
18:04 of 3rd period - Shot by Sergei Boikov.
18:04 of 3rd period - Deflect By Alex Belzile.
18:04 of 3rd period - Stopped by Matthew Villalta without a rebound.
18:05 of 3rd period - Alex Belzile wins face-off versus Ryan Rupert in Stars zone.
18:06 of 3rd period - Shot by Austin Poganski.
18:06 of 3rd period - Stopped by Matthew Villalta without a rebound.
18:07 of 3rd period - Alex Belzile wins face-off versus Ryan Olsen in Stars zone.
18:19 of 3rd period - Icing by Patrick McNally.
18:20 of 3rd period - Ryan Olsen wins face-off versus Alex Belzile in Stars zone.
18:20 of 3rd period - Ryan Olsen is hit by Michael Chaput.
18:28 of 3rd period - Michael Chaput is hit by Ryan Olsen.
18:44 of 3rd period - Shot by Michael Chaput.
18:44 of 3rd period - Stopped by Matthew Villalta without a rebound.
18:45 of 3rd period - Ryan Rupert wins face-off versus Noel Acciari in Stars zone.
18:47 of 3rd period - Icing by Mathias Norlinder.
18:48 of 3rd period - Christoph Bertschy wins face-off versus Noel Acciari in Stars zone.
18:48 of 3rd period - Christoph Bertschy is hit by Noel Acciari.
19:08 of 3rd period - Shot by Libor Sulak.
19:08 of 3rd period - Shot Misses the Net.
19:10 of 3rd period - Shot by Noel Acciari.
19:10 of 3rd period - Stopped by Matthew Villalta without a rebound.
19:11 of 3rd period - Paul Stastny wins face-off versus Ryan Olsen in Stars zone.
19:12 of 3rd period - Shot by Ryan Lomberg.
19:12 of 3rd period - Stopped by Matthew Villalta without a rebound.
19:13 of 3rd period - Ryan Olsen wins face-off versus Paul Stastny in Stars zone.
19:17 of 3rd period - Minor Penalty to Stuart Percy for Holding.
19:18 of 3rd period - Paul Stastny wins face-off versus Hudson Elynuik in Thunderbirds zone.
19:33 of 3rd period - Shot by Mathias Norlinder.
19:33 of 3rd period - Shot Misses the Net.
19:35 of 3rd period - Shot by Ilya Lyubushkin.
19:35 of 3rd period - Shot Blocked by Chris Wideman.
19:37 of 3rd period - Shot by Mathias Norlinder.
19:37 of 3rd period - Shot Misses the Net.
19:39 of 3rd period - Shot by Gabriel Bourque.
19:39 of 3rd period - Shot Blocked by Alex Peters.
Goals for this period are 1 for Stars vs 0 for Thunderbirds.
Shots for this period are 9 for Stars vs 12 for Thunderbirds.